 Dungeon Crawl Stone Soup version 0.25-a0-558-g78a2afb0af (webtiles) character file.

Game seed: 9816872093666711275, levelgen mode: deterministic

833 Emblim88 the Skirmisher (level 7, -2/62 HPs)
             Began as a Minotaur Abyssal Knight on Feb 25, 2020.
             Was a Priest of Lugonu.
             Succumbed to a killer bee's poison
             ... on level 6 of the Dungeon.
             The game lasted 00:09:54 (4238 turns).

Emblim88 the Skirmisher (Minotaur Abyssal Knight)   Turns: 4238, Time: 00:09:55

Health: -2/62      AC: 11    Str: 18    XL:     7   Next: 65%
Magic:  0/9        EV:  8    Int:  9    God:    Lugonu [***...]
Gold:   302        SH:  4    Dex: 10    Spells: 6/6 levels left

rFire    . . .     SeeInvis .   f - +1 scythe (venom)
rCold    . . .     Gourm    .   (shield currently unavailable)
rNeg     . . .     Faith    .   r - +0 chain mail (curse)
rPois    .         Spirit   +   (helmet restricted)
rElec    .         Reflect  +   m - scarf {Spirit}
rCorr    .         Harm     .   (no gloves)
MR       .....                  l - +0 pair of boots
Stlth    ..........             j - +4 amulet of reflection
HPRegen  0.20/turn              (no ring)
MPRegen  0.11/turn              (no ring)

@: mighty, lethally poisoned (-2 -> -28), about to teleport
A: retaliatory headbutt, horns 2
a: Depart the Abyss, Bend Space, Banish, Renounce Religion


You were on level 6 of the Dungeon.
You worshipped Lugonu.
Lugonu was most pleased with you.
You were not hungry.

You visited 1 branch of the dungeon, and saw 6 of its levels.
You visited the Abyss 1 time.

You collected 302 gold pieces.

Inventory:

Hand Weapons
 b - a +1 vorpal mace
 f - a +1 scythe of venom (weapon)
Missiles
 d - 138 stones
 h - 2 poisoned darts (quivered)
Armour
 a - a +2 cloak of poison resistance
 l - a +0 pair of boots (worn)
 m - a scarf of spirit shield (worn)
 r - a cursed +0 chain mail (worn)
Jewellery
 e - an uncursed ring of magical power
 j - a +4 amulet of reflection (around neck)
Wands
 o - a wand of flame (22)
Scrolls
 g - 5 scrolls of teleportation
 p - a scroll of magic mapping
 q - a scroll of fog
 s - a scroll of remove curse
 w - a scroll of identify
 x - a scroll of blinking {unknown}
Potions
 i - a potion of lignification {unknown}
 k - a potion of magic {unknown}
 n - a potion of flight
 t - 2 potions of stabbing {unknown}
 u - 2 potions of might
 v - a potion of mutation {unknown}
 z - a potion of brilliance {unknown}
Comestibles
 c - 9 rations


   Skills:
 + Level 5.7 Fighting
 + Level 5.0 Polearms
 + Level 5.0 Armour
 + Level 4.1 Dodging
 + Level 4.0 Invocations
 + Level 1.4 Evocations


You had 6 spell levels left.
You didn't know any spells.
Your spell library contained the following spells:

 Spells                   Type           Power        Failure   Level  Hunger
 Magic Dart               Conj           #...         99%         1    ##.....
 Blink                    Tloc           N/A          100%        2    ###....
 Call Imp                 Summ           #.......     100%        2    ###....
 Slow                     Hex            #.......     100%        2    ###....
 Conjure Flame            Conj/Fire      #.......     100%        3    ####...
 Mephitic Cloud           Conj/Pois/Air  #.......     100%        3    ####...


Dungeon Overview and Level Annotations

Branches:
Dungeon (6/15)
 Temple: D:4-7

Altars:
Elyvilon
Yredelemnul

Annotations:
D:4 1 transporter, daodarkstar's ghost, amateur DsFi


Innate Abilities, Weirdness & Mutations

You reflexively headbutt those who attack you in melee.
You have a pair of horns on your head.


Message History

You block the killer bee's attack. The killer bee stings you!
* * * LOW HITPOINT WARNING * * *
You are more poisoned.
The killer bee poisons you! The killer bee closely misses you.
As you read the scroll of teleportation, it crumbles to dust.
You feel strangely unstable.
* * * LOW HITPOINT WARNING * * *
You feel sick. You block the killer bee's attack. x2
The killer bee stings you.
* * * LOW HITPOINT WARNING * * *
You are more poisoned.
The killer bee poisons you! The killer bee closely misses you.
The killer bee stings you.
* * * LOW HITPOINT WARNING * * *
The killer bee barely misses you. The killer bee closely misses you.
The killer bee completely misses you. You furiously retaliate!
You headbutt the killer bee.
It was a potion of might.
You feel very mighty all of a sudden.
You die...

####...
.......
.......
..!...#
..(....
....<..
##y..#
#@y.#
#yy##
#..#
#..#
#..#
#..#
#..#
#..#


You could see 4 killer bees.

Vanquished Creatures
  Sigmund (D:4)
  An ogre (D:6)
  A centaur (D:4)
  A scorpion (D:5)
  A killer bee (D:6)
  A howler monkey (D:4)
  Crazy Yiuf (D:4)
  An iguana (D:5)
  2 orc priests
  3 orc wizards
  A worker ant (D:4)
  A gnoll (D:1)
  5 adders
  An ooze (D:1)
  4 worms
  5 dart slugs
  11 orcs
  A ball python (D:2)
  3 giant cockroaches
  5 goblins
  5 hobgoblins
  9 kobolds
  2 quokkas
  6 bats (D:1)
  6 frilled lizards
  9 rats
87 creatures vanquished.

Notes
Turn   | Place    | Note
-------+----------+-------------------------------------------
     0 | Abyss:1  | Emblim88 the Minotaur Abyssal Knight began the quest for
                  | the Orb.
     0 | Abyss:1  | Reached XP level 1. HP: 19/19 MP: 1/1
     8 | D:1      | Escaped the Abyss
   147 | D:1      | Reached XP level 2. HP: 19/27 MP: 2/2
   358 | D:1      | Reached XP level 3. HP: 20/33 MP: 3/3
   589 | D:1      | Reached ** piety under Lugonu
  1186 | D:2      | Reached XP level 4. HP: 40/40 MP: 4/4
  1676 | D:3      | Found a basalt altar of Yredelemnul.
  2203 | D:3      | Reached XP level 5. HP: 46/47 MP: 6/6
  2349 | D:4      | Found a transporter.
  2368 | D:4      | Noticed daodarkstar's ghost (amateur DsFi)
  2368 | D:4      | Noticed an ogre
  2370 | D:4      | Noticed an ogre
  2397 | D:4      | Reached *** piety under Lugonu
  2708 | D:4      | Noticed an ogre
  2728 | D:4      | Noticed Sigmund
  2771 | D:4      | Killed Sigmund
  2771 | D:4      | Reached skill level 5 in Fighting
  2771 | D:4      | Reached XP level 6. HP: 19/56 MP: 5/7
  3165 | D:4      | Found a runed translucent door.
  3166 | D:4      | Noticed Crazy Yiuf
  3311 | D:4      | Reached XP level 7. HP: 51/61 MP: 8/8
  3400 | D:4      | Found a white marble altar of Elyvilon.
  3620 | D:4      | Killed Crazy Yiuf
  3706 | D:5      | Entered Level 5 of the Dungeon
  3926 | D:5      | Reached skill level 1 in Evocations
  4222 | D:6      | Reached skill level 5 in Polearms
  4222 | D:6      | Reached skill level 5 in Armour
  4237 | D:6      | HP: 1/62 [killer bee (3)]
  4238 | D:6      | Succumbed to a killer bee's poison

Levels and vault maps discovered:
D:1:      eino_arrival_tree_alley, layout_rooms, serial_bayou_lagoon_a
D:2:      layout_loops_ring
D:3:      layout_loops_ring, yredelemnul_altar_generic
D:4:      wander_river, layout_cave_pools, elyvilon_altar_3,
          gammafunk_ghost_smash, uniq_sigmund, uniq_crazy_yiuf_cottage
D:5:      layout_cave_pools, first_ration, minivault_26
D:6:      kennysheep_orc_sif_temple, layout_layer_cave, uniq_menkaure,
          uniq_edmund

Skill      XL: |  1  2  3  4  5  6  7 |
---------------+----------------------+-----
Invocations    | 2 3 4 |  4.0
Fighting       | 4 5 |  5.7
Polearms       | 3 4 5 |  5.0
Armour         | 3 4 5 |  5.0
Dodging        | 2 3 4 |  4.1
Evocations     | 1 |  1.4

Action                   |  1- 3 |  4- 6 |  7- 9 || total
-------------------------+-------+-------+-------++-------
Melee: Spear             |    92 |   133 |       ||   225
       Headbutt          |     7 |    24 |     3 ||    34
       Scythe            |       |     9 |    51 ||    60
Throw: Dart              |       |       |     6 ||     6
       Stone             |       |       |     1 ||     1
  Use: Scroll            |       |     6 |     3 ||     9
       Potion            |       |     8 |     1 ||     9
  Eat: Chunk             |     1 |     6 |     2 ||     9
       Ration            |       |       |     1 ||     1
Armor: Leather armour    |    17 |     5 |       ||    22
       Ring mail         |       |    12 |       ||    12
       Chain mail        |       |     1 |    33 ||    34
Dodge: Dodged            |    28 |    34 |    34 ||    96
Block: Other             |     2 |    15 |    15 ||    32

Table legend:
 A = Non-vault XP
 B = Vault XP
 C = Vault XP percentage of total XP
 D = Non-vault monster count
 E = Vault monster count
 F = Vault count percentage of total count
                 A         B        C        D         E       F
            +---------+---------+-------+---------+---------+-------
      Total |     930 |     260 |  21.8 |      85 |       2 |   2.3
            +---------+---------+-------+---------+---------+-------
        D:1 |      54 |       0 |   0.0 |      20 |       0 |   0.0
        D:2 |      55 |       0 |   0.0 |      18 |       0 |   0.0
        D:3 |      88 |       0 |   0.0 |      24 |       0 |   0.0
        D:4 |     347 |     260 |  42.8 |      15 |       2 |  11.8
        D:5 |     195 |       0 |   0.0 |       6 |       0 |   0.0
        D:6 |     191 |       0 |   0.0 |       2 |       0 |   0.0
            +---------+---------+-------+---------+---------+-------
